cohdb
Replays
Latest Replays
All Replays
Popular Replays
Top Player Replays
Match Explorer
How It Works
Community
CoH3 Stats
Reddit
Sign in to upload your games and track your stats! →
Sign in with Steam
Match 40942454
Unlisted
Match 40942454
Overview
Messages
Build Orders
End
Kradschützen Motorcycle Team
Selects Panzerjäger Kommand Battlegroup
Panzergrenadier Squad
Panzergrenadier Squad
Construct Light Support Kompanie
MG34 Team
Assault Grenadier Squad
Panzerjäger Mechanized Group
Fire Support Elements
Flakvierling Half-track
Vehicle Survival Package
Selects Tank Busters
Veteran Squad Leaders
Panzerpioneer Squad
Panzerjäger Mechanized Group
Selects Crew Shock Tactics
Selects Blockade Equipment
Construct Panzerarmee Kommand
Panzerjäger Squad
2.5-tonne Medical Truck
Construct Panzerarmee Kommand
Construct Mechanized Kompanie
Advanced Optics
Crew Shock Tactics
Kalazarr
Mansonfreakss
STG44
INTEL
[QSA] Aerocrastic
カルト_くん
NiuZeta
Alekel
0
0
Comments
sign in to comment!
No comments posted yet!